 Dungeon Crawl Stone Soup version 0.26.1-11-gd32895ea62 (webtiles) character file.

Game seed: 5484518335870794342

1381 nothank2 the Chiller (level 8, -8/57 HPs)
             Began as a Purple Draconian Ice Elementalist on July 12, 2021.
             Mangled by a two-headed ogre
             ... wielding a +0 giant club
              (14 damage)
             ... on level 6 of the Dungeon.
             The game lasted 00:23:00 (7051 turns).

nothank2 the Chiller (DrIE)                         Turns: 7051, Time: 00:23:01

Health: -8/57      AC:  9    Str: 11    XL:     8   Next: 39%
Magic:  10/17      EV: 12    Int: 18    God:
Gold:   284        SH:  9    Dex: 11    Spells: 11/19 levels left

rFire    . . .     SeeInvis .   q - +3 flail
rCold    . . .     Faith    .   v - +0 buckler
rNeg     . . .     Spirit   .   (armour unavailable)
rPois    .         Reflect  +   (helmet restricted)
rElec    .         Harm     .   j - +0 cloak
rCorr    +         Rampage  .   k - +0 pair of gloves
Will     +....                  y - +0 pair of boots
Stlth    +++.......             p - amulet of reflection
HPRegen  0.19/turn              n - ring of stealth
MPRegen  0.15/turn              r - ring of resist corrosion

@: no status effects
A: breathe power, unfitting armour, cold-blooded, AC +6
a: Breathe Dispelling Energy


You were on level 6 of the Dungeon.
You visited 1 branch of the dungeon, and saw 6 of its levels.

You collected 284 gold pieces.

Inventory:

Hand Weapons
 q - a +3 flail (weapon)
Missiles
 o - 12 poisoned darts
Armour
 j - a +0 cloak (worn)
 k - a +0 pair of gloves (worn)
 v - a +0 buckler (worn)
 y - a +0 pair of boots (worn)
Jewellery
 n - a ring of stealth (left hand)
 p - an amulet of reflection (around neck)
 r - a ring of resist corrosion (right hand)
Scrolls
 a - 11 scrolls of identify
 c - 3 scrolls of teleportation
 d - a scroll of enchant armour {unknown}
 e - 2 scrolls of remove curse
 g - a scroll of magic mapping
 l - a scroll of fear
 s - 2 scrolls of random uselessness {unknown}
 t - 2 scrolls of amnesia {unknown}
Potions
 b - 6 potions of curing
 f - 5 potions of cancellation {unknown}
 h - 4 potions of lignification {unknown}
 i - a potion of berserk rage {unknown}
 m - 3 potions of might {unknown}
 u - a potion of mutation {unknown}
 w - 4 potions of haste {unknown}
 x - 2 potions of attraction {unknown}


   Skills:
 - Level 1.7 Dodging
 - Level 1.7 Stealth
 - Level 4.2 Shields
 + Level 6.3 Spellcasting
 + Level 3.3 Conjurations
 + Level 7.8 Ice Magic


You had 11 spell levels left.
You knew the following spells:

 Your Spells              Type           Power        Failure   Level
a - Freeze                Ice            100%         1%          1
b - Frozen Ramparts       Ice            66%          1%          3
c - Hailstorm             Conj/Ice       25%          12%         4

Your spell library contained the following spells:

 Spells                   Type           Power        Failure   Level
 Ozocubu's Armour         Ice            33%          1%          3
 Summon Ice Beast         Ice/Summ       19%          24%         4


Dungeon Overview and Level Annotations

Branches:
Dungeon (6/15)
 Temple: D:4-7

Altars:
Ashenzari
Gozag
Makhleb
Okawaru
Yredelemnul


Innate Abilities, Weirdness & Mutations

You can breathe bolts of dispelling energy.
Your rich purple scales are hard. (AC +6)
You cannot fit into any form of body armour.
You are cold-blooded and may be slowed by cold attacks.


Message History

The wall freezes the two-headed ogre.
The two-headed ogre hits you with a +0 giant club!
You block the two-headed ogre's attack.
You are too injured to fight recklessly!
Aiming: Freeze (safe; 1% risk of failure)
Press: ? - help, Q - select action, (/) - cycle Shift-Dir - straight line, f/p - two-headed ogre
Aim: a two-headed ogre, wielding two +0 giant clubs (heavily wounded, very poisoned)
You freeze the two-headed ogre!
The two-headed ogre is severely wounded.
The wall freezes the two-headed ogre.
The two-headed ogre closely misses you.
The two-headed ogre hits you with a +0 giant club!!
* * * LOW HITPOINT WARNING * * *
Aiming: Freeze (safe; 1% risk of failure)
Press: ? - help, Q - select action, (/) - cycle Shift-Dir - straight line, f/p - two-headed ogre
Aim: a two-headed ogre, wielding two +0 giant clubs (severely wounded, very poisoned)
You freeze the two-headed ogre.
The two-headed ogre is almost dead.
The frozen ramparts melt away.
The two-headed ogre hits you with a +0 giant club!
You die...

#.....#####
#.........#
.#######.#...###.#
............## #.#
.#######.#### #.#
#.# #.# #.#####
#.# #....((.#.#
#....<.(O@#
#.#####.### .# #.
#


You could see a two-headed ogre (very poisoned).

Vanquished Creatures
  Menkaure (D:6)
  An orc warrior (D:6)
  5 ogres
  A bullfrog zombie (D:5)
  A centaur skeleton (D:4)
  5 hounds
  2 orc priests
  A jelly (D:5)
  An iguana (D:6)
  2 orc wizards
  2 worker ants
  A hound skeleton (D:6)
  4 gnolls
  8 adders
  3 shadow imps
  A white imp (D:4)
  An ufetubus (D:5)
  2 adder skeletons
  4 worms
  11 dart slugs
  3 leopard geckos
  17 orcs
  5 bats
  3 giant cockroaches
  4 goblins
  7 hobgoblins
  6 jackals
  3 quokkas
  4 ball pythons
  10 frilled lizards
  6 kobolds
  2 leopard gecko skeletons (D:4)
  A quokka skeleton (D:5)
  10 rats
138 creatures vanquished.

Notes
Turn   | Place    | Note
-------+----------+-------------------------------------------
     0 | D:1      | nothank2 the Draconian Ice Elementalist began the quest for
                  | the Orb.
     0 | D:1      | Reached XP level 1. HP: 14/14 MP: 3/3
   286 | D:1      | Reached XP level 2. HP: 9/20 MP: 0/5
  1109 | D:2      | Reached XP level 3. HP: 20/26 MP: 2/6
  1297 | D:2      | Learned a level 3 spell: Frozen Ramparts
  1637 | D:2      | Reached skill level 5 in Ice Magic
  1826 | D:2      | Reached XP level 4. HP: 33/33 MP: 5/8
  2057 | D:2      | Found a basalt altar of Yredelemnul.
  2778 | D:2      | Found an opulent altar of Gozag.
  3005 | D:3      | Reached XP level 5. HP: 27/38 MP: 1/9
  3856 | D:3      | Reached skill level 6 in Ice Magic
  3948 | D:3      | Found an iron altar of Okawaru.
  3960 | D:3      | Found a broken altar of Ashenzari.
  4410 | D:4      | Reached XP level 6. HP: 42/45 MP: 11/11
  4609 | D:4      | Learned a level 4 spell: Hailstorm
  4932 | D:4      | Reached skill level 1 in Shields
  5141 | D:4      | Your scales start taking on a rich purple colour.
  5141 | D:4      | Reached XP level 7. HP: 43/50 MP: 10/14
  5425 | D:5      | Entered Level 5 of the Dungeon
  5964 | D:5      | Found a burning altar of Makhleb.
  6193 | D:5      | Reached skill level 5 in Spellcasting
  6193 | D:5      | Reached skill level 1 in Conjurations
  6193 | D:5      | Reached skill level 7 in Ice Magic
  6469 | D:6      | Reached XP level 8. HP: 35/57 MP: 4/16
  6551 | D:6      | Noticed Menkaure
  6559 | D:6      | Killed Menkaure
  7042 | D:6      | Noticed a two-headed ogre
  7051 | D:6      | Mangled by a two-headed ogre

Illustrated notes

Levels and vault maps discovered:
D:1:      nicolae_arrival_somewhat_less_tricky_arrival, layout_rooms
D:2:      lemuel_upstairs_altar, layout_loops_corners,
          lemuel_coloured_pillars_altar
D:3:      kennysheep_slugbush, layout_loops_ring, ashenzari_conservatory_becter,
          okawaru_metal_pillars_1_2
D:4:      layout_cave_pools, nicolae_overflow_hidden_temple, minmay_pentangle
D:5:      layout_loops_cross, lightli_temple_of_fire
D:6:      layout_loops_ring, uniq_menkaure

Skill      XL: |  1  2  3  4  5  6  7  8 |
---------------+-------------------------+-----
Ice Magic      | 5 6 7 |  7.8
Spellcasting   | 3 4 5 6 |  6.3
Shields        | 2 4 |  4.2
Conjurations   | 2 3 |  3.3
Dodging        | |  1.7
Stealth        | |  1.7

Action                   |  1- 3 |  4- 6 |  7- 9 || total
-------------------------+-------+-------+-------++-------
Melee: Dagger            |    16 |       |       ||    16
       Unarmed           |     1 |       |       ||     1
       Tailslap          |     3 |     4 |     5 ||    12
       Mace              |    11 |    22 |       ||    33
       Trident           |       |    33 |       ||    33
       Flail             |       |    30 |    53 ||    83
Throw: Dart              |       |    10 |    27 ||    37
 Cast: Freeze            |    40 |    52 |    44 ||   136
       Frozen Ramparts   |       |     7 |     8 ||    15
  Use: Scroll            |       |     9 |     1 ||    10
 Stab: Sleeping          |     3 |     6 |     3 ||    12
Armor: Skin              |    18 |    25 |    22 ||    65
Dodge: Dodged            |    35 |    89 |    33 ||   157
Block: Other             |       |    17 |       ||    17
       Buckler           |       |     4 |    38 ||    42
